 Dungeon Crawl Stone Soup version 0.26-a0-613-g4f23886233 (webtiles) character file.

Game seed: 9887668116625461200

39 KikubaaqudghaCute the Sneak (level 3, 0/20 HPs)
             Began as a Vampire Enchanter on Sept 10, 2020.
             Slain by a jackal (3 damage)
             ... on level 2 of the Dungeon.
             The game lasted 00:03:35 (1102 turns).

KikubaaqudghaCute the Sneak (Vampire Enchanter)     Turns: 1102, Time: 00:03:35

Health: 0/20       AC:  2    Str:  8    XL:     3   Next: 26%
Magic:  0/6        EV: 12    Int: 17    God:
Gold:   99         SH:  0    Dex: 14    Spells: 3/6 levels left

rFire    . . .     SeeInvis +   a - +1 dagger
rCold    + + .     Faith    .   (no shield)
rNeg     + + +     Spirit   .   b - +0 robe
rPois    ∞         Reflect  .   (no helmet)
rElec    .         Harm     .   (no cloak)
rCorr    .                      (no gloves)
MR       .....                  (no boots)
Stlth    +++++.....             (no amulet)
HPRegen  0.00/turn              (no ring)
MPRegen  0.10/turn              (no ring)

@: bloodless
A: fangs 3, see invisible, unbreathing
a: Bat Form, Revivify


You were on level 2 of the Dungeon.
You visited 1 branch of the dungeon, and saw 2 of its levels.

You collected 99 gold pieces.

Inventory:

Hand Weapons
 a - a +1 dagger (weapon)
Armour
 b - a +0 robe (worn)
Jewellery
 c - an uncursed ring of stealth {unknown}
Scrolls
 d - a scroll of amnesia {unknown}
 e - a scroll of remove curse {unknown}
 f - a scroll of teleportation {unknown}
 h - 2 scrolls of magic mapping {unknown}
 i - a scroll of enchant weapon {unknown}
 k - a scroll of identify {unknown}
Potions
 g - a potion of resistance {unknown}
 j - a potion of haste {unknown}
 l - 2 potions of lignification {unknown}


   Skills:
 + Level 1.1 Fighting
 - Level 2.0 Short Blades
 - Level 2.1 Dodging
 * Level 5.2 Stealth
 - Level 2.0 Spellcasting
 * Level 4.9 Hexes


You had 3 spell levels left.
You knew the following spells:

 Your Spells              Type           Power        Failure   Level
a - Corona                Hex            ###....      2%          1
s - Ensorcelled Hibernat  Hex/Ice        ##....       11%         2

Your spell library contained the following spells:

 Spells                   Type           Power        Failure   Level
 Confusing Touch          Hex            ###.....     8%          3
 Tukima's Dance           Hex            ###.....     8%          3
 Dazzling Flash           Conj/Hex       ##....       22%         3


Dungeon Overview and Level Annotations

Branches:
Dungeon (2/15)

Altars:


Innate Abilities, Weirdness & Mutations

You do not regenerate when monsters are visible.
You are frail without blood (-20% HP).
You can heal yourself when you bite living creatures.
You are immune to poison.
You have razor-sharp teeth.
You have supernaturally acute eyesight. (SInv)
You can survive without breathing.


Message History

Press: ? - help, Shift-Dir - straight line, f/p - jackal
Aim: a jackal (chance to defeat MR: 59%)
The jackal resists with significant effort.
The jackal bites you but does no damage.
Casting: Ensorcelled Hibernation (safe; 11% risk of failure)
Confirm with . or Enter, or press ? or * to list all spells.
Okay, then.
Okay, then.
You barely miss the jackal. The jackal bites you. The jackal bites you.
You completely miss the kobold. The jackal closely misses you.
You barely miss the kobold. The jackal bites you.
* * * LOW HITPOINT WARNING * * *
The kobold hits you.
* * * LOW HITPOINT WARNING * * *
The jackal bites you but does no damage.
You hit the kobold.
The kobold is severely wounded.
The jackal bites you.
You die...

.. ### ..#####@##
##.....Khh# #........## .
.## #........# #
..#####....!...# #
......#........# .#
...............##.##..#
#......#..............#
###†.............###....#


You could see 2 jackals and a kobold.

Vanquished Creatures
  A worm (D:2)
  2 dart slugs
  3 leopard geckos (D:1)
  4 bats (D:1)
  A goblin (D:1)
  3 hobgoblins (D:1)
  4 jackals
  2 kobolds (D:1)
  A quokka (D:2)
  4 frilled lizards
  2 rats
27 creatures vanquished.

Notes
Turn   | Place    | Note
-------+----------+-------------------------------------------
     0 | D:1      | KikubaaqudghaCute the Vampire Enchanter began the quest for
                  | the Orb.
     0 | D:1      | Reached XP level 1. HP: 13/13 MP: 3/3
   113 | D:1      | Reached XP level 2. HP: 19/20 MP: 5/5
   334 | D:1      | Learned a level 2 spell: Ensorcelled Hibernation
   545 | D:1      | Reached skill level 5 in Stealth
   553 | D:1      | Reached skill level 1 in Fighting
   804 | D:1      | Reached XP level 3. HP: 26/26 MP: 6/6
  1102 | D:2      | Slain by a jackal

Illustrated notes

Levels and vault maps discovered:
D:1:      lightli_arrival_boilingwater, layout_basic
D:2:      layout_rooms, elyvilon_altar_1, dancing_weapons_uskayaw

Skill      XL: |  1  2 |
---------------+-------+-----
Stealth        | 5 |  5.2
Fighting       | 1 |  1.1
Short Blades   | 2 |  2.0
Dodging        | |  2.1
Spellcasting   | |  2.0
Hexes          | |  4.9

Action                   || total
-------------------------++-------
Melee: Dagger            ||    86
       Bite              ||     6
 Cast: Corona            ||     7
       Ensorcelled Hiber ||     5
 Abil: Exsanguinate      ||     1
 Stab: Sleeping          ||    13
Armor: Robe              ||    16
Dodge: Dodged            ||    33

Table legend: (Time is in decaauts)
 A = Elapsed time spent in this place.
 B = Non-inter-level travel time spent in this place.
 C = Inter-level travel time spent in this place.
 D = Time resting spent in this place.
 E = Time spent auto-exploring this place.
 F = Levels seen in this place.
 G = Mean time per level.
                   A        B        C        D        E       F      G
               +--------+--------+--------+--------+--------+-----+--------+
         Total |   1108 |   1085 |     23 |     11 |    802 |   2 |  554.0 |
       Dungeon |   1108 |   1085 |     23 |     11 |    802 |   2 |  554.0 |
               +--------+--------+--------+--------+--------+-----+--------+

Top non-repeatable levels by time:
     D:1: 990 daAuts
     D:2: 118 daAuts
